 Dungeon Crawl Stone Soup version 0.23-a0-470-g6f7cfd9 (webtiles) character file.

1369 robertstho the Archer (level 8, -7/66 HPs)
             Began as a Centaur Hunter on Nov 26, 2018.
             Mangled by Erica
             ... wielding a +4 scimitar of flaming
              (13 damage)
             ... on level 8 of the Dungeon.
             The game lasted 00:15:25 (6737 turns).

robertstho the Archer (Centaur Hunter)              Turns: 6737, Time: 00:15:26

Health: -7/66      AC:  9    Str: 24 (25) XL:     8   Next: 38%
Magic:  8/8        EV: 10    Int:  8 (10) God:
Gold:   135        SH:  0    Dex: 10 (13) Spells: 7/7 levels left

rFire    . . .     SeeInvis .   a - +1 shortbow
rCold    . . .     Gourm    .   (shield currently unavailable)
rNeg     . . .     Faith    .   v - +2 robe of the Komodo Dragon {Str+3 Dex+3}
rPois    .         Spirit   .   (no helmet)
rElec    .         Reflect  +   c - scarf {repulsion}
rCorr    .         Harm     .   s - +1 pair of gloves
MR       .....                  (no barding)
Stlth    ..........             x - +3 amulet of reflection
HPRegen  0.21/turn              m - +1 ring of protection
MPRegen  0.11/turn              (no ring)

@: confused, mighty, lethally poisoned (-7 -> -8), slowed, repel missiles
A: large, hooves 3, deformed body, speed 2, tough skin 3
a: no special abilities


You were on level 8 of the Dungeon.
You were hungry.

You visited 1 branch of the dungeon, and saw 7 of its levels.

You collected 312 gold pieces.
You spent 177 gold pieces at shops.

Inventory:

Hand Weapons
 a - a +1 shortbow (weapon)
 b - a +0 short sword
Missiles
 d - 22 arrows (quivered)
Armour
 c - a scarf of repulsion (worn)
 n - a +1 plate armour of poison resistance
 q - a +0 ring mail
 s - a +1 pair of gloves (worn)
 v - the +2 robe of the Komodo Dragon (worn) {Str+3 Dex+3}
   (You found it on level 4 of the Dungeon)

   It affects your strength (+3).
   It affects your dexterity (+3).
 C - the +2 robe of Least Resistance {Str+2, unknown}
   (You found it on level 8 of the Dungeon)

   It affects your strength (+2).
Jewellery
 m - a +1 ring of protection (left hand)
 p - an uncursed amulet of harm {unknown}
 x - a +3 amulet of reflection (around neck)
Wands
 h - a wand of random effects (12)
 u - a wand of polymorph (22)
 B - a wand of acid (5)
Scrolls
 e - a scroll of vulnerability {unknown}
 i - a scroll of teleportation
 l - 2 scrolls of immolation {unknown}
 o - a scroll of amnesia {unknown}
 r - 4 scrolls of remove curse
 t - 2 scrolls of enchant weapon {unknown}
 w - a scroll of blinking {unknown}
 y - a scroll of identify
Potions
 g - 3 potions of flight
 k - 2 potions of mutation
 D - a potion of might
Comestibles
 f - 7 rations


   Skills:
 + Level 4.0 Fighting
 + Level 1.4 Short Blades
 * Level 12.1 Bows
 + Level 1.3 Armour
 + Level 2.6 Dodging
 - Level 0.4 Stealth


You had 7 spell levels left.
You didn't know any spells.
Your spell library was empty.

Dungeon Overview and Level Annotations

Branches:
Dungeon (9/15)
 Temple: D:4-7         Lair: D:8-11         Orc: D:9-12

Altars:
Elyvilon
Ru
Trog
Uskayaw

Shops:
D:4 =

Annotations:
D:4 Pikel
D:8 Erica


Innate Abilities, Weirdness & Mutations

You have hooves in place of feet.
Armour fits poorly on your strangely shaped body.
You cover ground very quickly.
You have extremely tough skin. (AC +3)


Message History

Something hits you!
* * * LOW HITPOINT WARNING * * *
Something burns you.
* * * LOW HITPOINT WARNING * * *
You see here an arrow.
You feel very mighty all of a sudden.
You feel sick. Something hits you.
* * * LOW HITPOINT WARNING * * *
Something burns you.
* * * LOW HITPOINT WARNING * * *
Something hits you.
* * * LOW HITPOINT WARNING * * *
Something burns you.
* * * LOW HITPOINT WARNING * * *
You're too confused!
It was a potion of degeneration.
There was something very wrong with that liquid.
You feel weakened.
You feel dopey.
You feel clumsy. Something hits you!
You die...

#.# ##.#.##......
####.######.###.#######
#.......##.## ##.##
#.#####.#.## ##.# #.#
#.##.## ##.## #.#
#.>...###.####### #.#
#.###..#.........
#(#####{# #.#..########
#....(@.# #....†#######
######### ####.........
#.[....... ##########


There were no monsters in sight!

Vanquished Creatures
  Grinder (D:5)
  A sky beast (D:5)
  An ogre (D:4)
  A big kobold (D:8)
  6 killer bees (D:8)
  A scorpion (D:5)
  A howler monkey (D:5)
  3 hounds
  An orc wizard (D:5)
  2 centaur skeletons (D:5)
  Terence (D:2)
  2 iguanas
  2 worker ants
  11 adders
  4 gnolls (D:5)
  A shadow imp (D:8)
  3 oozes
  2 worms
  4 dart slugs
  4 leopard geckos
  2 orcs
  9 bats
  6 giant cockroaches
  8 goblins
  12 hobgoblins
  3 jackals (D:5)
  15 kobolds
  2 quokkas (D:2)
  A ball python (D:1)
  5 frilled lizards
  A jackal zombie (D:5)
  A quokka skeleton (D:5)
  9 rats
126 creatures vanquished.

Vanquished Creatures (others)
  A bat (D:3)
1 creature vanquished.

Grand Total: 127 creatures vanquished

Notes
Turn   | Place    | Note
-------+----------+-------------------------------------------
     0 | D:1      | robertstho the Centaur Hunter began the quest for the Orb.
     0 | D:1      | Reached XP level 1. HP: 17/17 MP: 1/1
    70 | D:1      | Reached XP level 2. HP: 21/24 MP: 2/2
   131 | D:1      | Reached skill level 6 in Bows
   368 | D:1      | Reached XP level 3. HP: 21/29 MP: 3/3
  1503 | D:2      | Noticed Terence
  1514 | D:2      | Killed Terence
  1514 | D:2      | Reached XP level 4. HP: 36/36 MP: 4/4
  1583 | D:2      | Reached skill level 7 in Bows
  1717 | D:2      | Reached skill level 1 in Short Blades
  1717 | D:2      | Reached skill level 1 in Armour
  2081 | D:2      | Found a sacrificial altar of Ru.
  2143 | D:2      | Reached XP level 5. HP: 38/42 MP: 5/5
  2279 | D:2      | Found a bloodstained altar of Trog.
  3595 | D:4      | Noticed an ogre
  3602 | D:4      | Got a brightly glowing robe
  3612 | D:4      | Killed an ogre
  3612 | D:4      | Reached skill level 8 in Bows
  3612 | D:4      | Reached XP level 6. HP: 39/50 MP: 6/6
  3759 | D:4      | Found Uheps's Jewellery Boutique.
  3858 | D:4      | Bought a cursed amulet of inaccuracy for 20 gold pieces
  3858 | D:4      | Bought a +3 amulet of reflection for 157 gold pieces
  3871 | D:4      | Identified the +2 robe of the Komodo Dragon {Str+3 Dex+3}
                  | (You found it on level 4 of the Dungeon)
  3983 | D:4      | Noticed Pikel
  3983 | D:4      | Noticed a slave
  3983 | D:4      | Noticed a slave
  3983 | D:4      | Noticed a slave
  3985 | D:4      | Noticed a slave
  4421 | D:5      | Entered Level 5 of the Dungeon
  4553 | D:5      | Found a hide-covered altar of Uskayaw.
  4553 | D:5      | Noticed a +0 dagger
  4553 | D:5      | Noticed a +0 dagger
  4819 | D:5      | Reached skill level 9 in Bows
  4922 | D:5      | Noticed a sky beast
  4946 | D:5      | Reached XP level 7. HP: 41/57 MP: 7/7
  5060 | D:5      | Noticed Grinder
  5087 | D:5      | Killed Grinder
  5087 | D:5      | Reached skill level 10 in Bows
  5598 | D:5      | Found a white marble altar of Elyvilon.
  5784 | D:5      | You fall through a shaft for 3 floors!
  5873 | D:8      | Reached skill level 11 in Bows
  5943 | D:8      | Reached XP level 8. HP: 66/66 MP: 8/8
  5974 | D:8      | Got a sheer robe
  6635 | D:8      | Reached skill level 12 in Bows
  6699 | D:9      | Noticed Erica
  6737 | D:8      | Mangled by Erica

Vault maps used:
D:1:      minmay_arrival_split_and_join
D:2:      lightli_temple_of_fire, nicolae_overflow_hidden_temple, uniq_terence
D:3:      cheibrodos_helix_gallery, first_ration
D:4:      serial_shops, shop, uniq_pikel
D:5:      lemuel_crystal_altar, dancing_weapons_uskayaw, uniq_grinder
D:9:      lemuel_round_altar, serial_glass, glass_columns_c, glass_columns_c,
          glass_columns_c, glass_columns_a, st_stairs_9, uniq_erica,
          uniq_erolcha

Skill      XL: |  1  2  3  4  5  6  7  8 |
---------------+-------------------------+-----
Bows           | 6 7 8 9 11 12 | 12.1
Short Blades   | 1 |  1.4
Armour         | 1 |  1.3
Fighting       | 3 4 |  4.0
Dodging        | 2 |  2.6
Stealth        | |  0.4

Action                   |  1- 3 |  4- 6 |  7- 9 || total
-------------------------+-------+-------+-------++-------
Melee: Short sword       |    96 |   109 |    14 ||   219
       Kick              |    11 |    24 |     4 ||    39
 Fire: Shortbow          |    38 |   166 |   140 ||   344
  Use: Potion            |     1 |     6 |     4 ||    11
       Scroll            |       |     7 |     2 ||     9
  Eat: Chunk             |       |     8 |     2 ||    10
       Ration            |       |     1 |       ||     1
Armor: Leather armour    |    35 |       |       ||    35
       Skin              |     9 |       |       ||     9
       Ring mail         |       |    49 |       ||    49
       Plate armour      |       |     9 |       ||     9
       Robe              |       |    12 |    28 ||    40
Dodge: Dodged            |    41 |    90 |    28 ||   159
       Deflected         |       |     4 |     4 ||     8
Block: Other             |       |     8 |    12 ||    20
       Reflection        |       |       |     1 ||     1

Table legend:
 A = Non-vault XP
 B = Vault XP
 C = Vault XP percentage of total XP
 D = Non-vault monster count
 E = Vault monster count
 F = Vault count percentage of total count
                 A         B        C        D         E       F
            +---------+---------+-------+---------+---------+-------
      Total |    1571 |     386 |  19.7 |     120 |       6 |   4.8
            +---------+---------+-------+---------+---------+-------
        D:1 |      50 |       0 |   0.0 |      26 |       0 |   0.0
        D:2 |     112 |      36 |  24.3 |      36 |       1 |   2.7
        D:3 |      50 |      15 |  23.1 |      12 |       2 |  14.3
        D:4 |     230 |       0 |   0.0 |       8 |       0 |   0.0
        D:5 |     497 |     277 |  35.8 |      21 |       1 |   4.5
        D:8 |     632 |      58 |   8.4 |      17 |       2 |  10.5
            +---------+---------+-------+---------+---------+-------
